 Dungeon Crawl Stone Soup version 0.26.1-11-gd32895ea62 (webtiles) character file.

Game seed: 1387604905281399946

151 Zeld the Shield-Bearer (level 5, -2/33 HPs)
             Began as an Octopode Transmuter on June 7, 2021.
             Slain by a leopard gecko (5 damage)
             ... on level 3 of the Dungeon.
             The game lasted 00:04:10 (3667 turns).

Zeld the Shield-Bearer (Octopode Transmuter)        Turns: 3667, Time: 00:04:10

Health: -2/33      AC:  2    Str: 10    XL:     5   Next: 33%
Magic:  0/8        EV: 20    Int: 16    God:
Gold:   191        SH:  0    Dex: 17    Spells: 2/8 levels left

rFire    . . .     SeeInvis .     - Unarmed
rCold    . . .     Faith    .   (shield currently unavailable)
rNeg     . . .     Spirit   .   (helmet currently unavailable)
rPois    x         Reflect  .   (no amulet)
rElec    .         Harm     .   (no ring)
rCorr    .         Rampage  .   (no ring)
Will     .....                  (no ring)
Stlth    ++........             (no ring)
HPRegen  0.11/turn              (no ring)
MPRegen  0.11/turn              (no ring)
                                (no ring)
                                (no ring)

@: spider-form
A: tiny, almost no armour, stealthy swim, (amphibious), 8 rings, (constrict 8)
a: End Transformation


You were on level 3 of the Dungeon.
You were a venomous arachnid creature.
You visited 1 branch of the dungeon, and saw 4 of its levels.

You collected 191 gold pieces.

Inventory:

Armour
 a - a +0 buckler of poison resistance (melded)
Jewellery
 c - an uncursed ring of willpower {unknown}
 d - an uncursed amulet of the acrobat {unknown}
Scrolls
 b - a scroll of enchant armour {unknown}
 f - 6 scrolls of identify {unknown}
 h - a scroll of teleportation {unknown}
 i - a scroll of blinking {unknown}
 k - a scroll of amnesia {unknown}
 l - a scroll of magic mapping {unknown}
Potions
 e - a potion of magic {unknown}
 g - 2 potions of ambrosia {unknown}
 j - a potion of invisibility {unknown}


   Skills:
 + Level 1.3 Fighting
 + Level 2.2 Dodging
 - Level 4.0 Shields
 - Level 3.0 Unarmed Combat
 * Level 2.4 Spellcasting
 * Level 2.5 Transmutations


You had 2 spell levels left.
You knew the following spells:

 Your Spells              Type           Power        Failure   Level
a - Beastly Appendage     Tmut           18%          19%         1
b - Wereblood             Tmut           9%           26%         2
c - Spider Form           Tmut/Pois      2%           56%         3

Your spell library contained the following spells:

 Spells                   Type           Power        Failure   Level
 Ice Form                 Ice/Tmut       5%           89%         4
 Blade Hands              Tmut           4%           97%         5


Dungeon Overview and Level Annotations

Branches:
Dungeon (4/15)
 Temple: D:4-7

Altars:
Xom
The Shining One


Innate Abilities, Weirdness & Mutations

You cannot wear most types of armour.
You are very stealthy in the water. (Stealth+)
((You are amphibious.))
You can wear up to eight rings at the same time.
((You can use your tentacles to constrict eight enemies at once.))
((Your skin changes colour to match your surroundings (Stealth+).))
((Your rubbery body absorbs attacks. (AC +1, EV +1)))


Message History

You turn into a venomous arachnid creature.
Your +0 buckler of poison resistance melds into your body.
You no longer feel resistant to poison.
The adder bites you but does no damage. The jackal bites you.
* * * LOW HITPOINT WARNING * * *
An orc comes into view. It is wielding a +0 club.
The leopard gecko bites you.
* * * LOW HITPOINT WARNING * * *
The adder barely misses you. The jackal bites you.
* * * LOW HITPOINT WARNING * * *
The orc shouts!
You hit the adder.
The adder is moderately wounded.
The leopard gecko misses you. The jackal barely misses you.
The adder misses you.
Unknown command.
You barely miss the adder.
The adder is moderately wounded.
The jackal completely misses you. The leopard gecko bites you.
You die...

.##.# ##........#
#.#.# ....#
##.......... #.#.#
.#######
##........... #....
........
##............ ###.#
.#.##...
##............. #.#
.#.## #............l.
#.# ....+
#.............. #.#
.#### #..†lh..♣o!♣...
#.# )#
#....so..♣♣.o$. #.#
.# #.....S..♣ ....
#.. .#
....#.......♣..♣.o
#.. )# ####...
#............ #.# .#
#.....#.#.........[..
#.# .#
#.....#.##...........
#.# .#
#.....#.###..........
#.# ## #.....#.#
##......... #.#
#.....#.# ### #..


You could see an adder, 2 orcs, a leopard gecko and a jackal.

Vanquished Creatures
  8 adders
  A worm (D:2)
  3 dart slugs
  6 orcs
  A ball python (D:2)
  9 bats
  A giant cockroach (D:2)
  5 goblins
  8 hobgoblins
  2 jackals (D:4)
  7 kobolds
  3 quokkas
  9 frilled lizards
  A leopard gecko skeleton (D:4)
  7 rats (D:1)
71 creatures vanquished.

Vanquished Creatures (others)
  An orc (D:4)
1 creature vanquished.

Grand Total: 72 creatures vanquished

Notes
Turn   | Place    | Note
-------+----------+-------------------------------------------
     0 | D:1      | Zeld the Octopode Transmuter began the quest for the Orb.
     0 | D:1      | Reached XP level 1. HP: 13/13 MP: 3/3
    42 | D:1      | Found a shimmering altar of Xom.
   350 | D:1      | Reached skill level 1 in Shields
   350 | D:1      | Reached XP level 2. HP: 15/18 MP: 5/5
   353 | D:1      | Learned a level 2 spell: Wereblood
   871 | D:1      | Reached skill level 2 in Shields
  1035 | D:1      | Reached XP level 3. HP: 23/23 MP: 4/6
  1183 | D:2      | Learned a level 3 spell: Spider Form
  1499 | D:2      | Reached skill level 3 in Shields
  1505 | D:2      | Reached XP level 4. HP: 10/28 MP: 4/7
  2999 | D:3      | Reached skill level 4 in Shields
  3259 | D:3      | Found a glowing golden altar of the Shining One.
  3506 | D:3      | Reached XP level 5. HP: 33/33 MP: 4/8
  3594 | D:3      | You fall into a shaft and drop 1 floor!
  3667 | D:3      | Slain by a leopard gecko

Illustrated notes

Levels and vault maps discovered:
D:1:      nzn_arrival_crosshair, layout_loops_ring, minmay_hedge_maze,
          xom_teletrap_fun
D:2:      layout_loops_ring
D:3:      kennysheep_big_flooded_room, layout_basic, tso_oasis_becter
D:4:      layout_loops_ring, marbit_many_paths, hangedman_glass_teeth,
          nicolae_qazlal_general_emergency

Skill      XL: |  1  2  3  4 |
---------------+-------------+-----
Shields        | 1 2 3 4 |  4.0
Fighting       | |  1.3
Dodging        | |  2.2
Unarmed Combat | |  3.0
Spellcasting   | |  2.4
Transmutations | |  2.5

Action                   |  1- 3 |  4- 6 || total
-------------------------+-------+-------++-------
Melee: Unarmed           |    79 |    87 ||   166
       Constrict         |    21 |    20 ||    41
       Tentacles         |    10 |     8 ||    18
       Kick              |     5 |    12 ||    17
       Punch             |     3 |       ||     3
 Cast: Beastly Appendage |    17 |    15 ||    32
       Spider Form       |     2 |     3 ||     5
       Wereblood         |       |     1 ||     1
 Stab: Sleeping          |     6 |       ||     6
Armor: Skin              |    14 |    11 ||    25
Dodge: Dodged            |    47 |    67 ||   114
Block: Buckler           |     8 |    11 ||    19
